 Dungeon Crawl Stone Soup version 0.31.0-32-g396128a36d (webtiles) character file.

Game seed: 4889660132782603105

413 Peloso the Trooper (level 6, -27/56 HPs)
             Began as a Minotaur Fighter on Mar 15, 2024.
             Annihilated by a two-headed ogre
             ... wielding a +0 giant spiked club
              (32 damage)
             ... on level 5 of the Dungeon.
             The game lasted 00:03:48 (2296 turns).

Peloso the Trooper (Minotaur Fighter)               Turns: 2296, Time: 00:03:48

Health: -27/56     AC:  9    Str: 20    XL:     6   Next: 59%
Magic:  5/5        EV: 10    Int:  5    God:
Gold:   105        SH:  5    Dex: 12    Spells: 5/5 levels left

rFire   . . .        a - +0 long sword
rCold   . . .        d - +0 buckler
rNeg    . . .        b - +0 scale mail
rPois   .            c - +2 hat
rElec   .            (no cloak)
rCorr   .            (no gloves)
SInv    .            (no boots)
Will    .....        (no amulet) Stlth
                     (no ring)
HPRegen 0.29/turn    (no ring)
MPRegen 0.09/turn

%: no passive effects
@: mighty
A: horns 2, retaliatory headbutt
a: no special abilities


You were on level 5 of the Dungeon.
You visited 1 branch of the dungeon, and saw 5 of its levels.

You collected 105 gold pieces.

Inventory:

Hand Weapons
 a - a +0 long sword (weapon)
Missiles
 g - 2 throwing nets (quivered)
Armour
 b - a +0 scale mail (worn)
 c - a +2 hat (worn)
 d - a +0 buckler (worn)
Jewellery
 e - a ring of ice
Scrolls
 f - a scroll of identify
 h - a scroll of noise {unknown}
 i - 2 scrolls of butterflies {unknown}
 k - a scroll of fog {unknown}
 o - a scroll of teleportation {unknown}
 q - a scroll of enchant weapon {unknown}
Potions
 j - 2 potions of lignification {unknown}
 l - a potion of curing {unknown}
 m - 2 potions of haste {unknown}
 n - 3 potions of attraction {unknown}


   Skills:
 + Level 5.6 Fighting
 + Level 5.2 Long Blades
 + Level 5.2 Armour
 + Level 1.6 Dodging
 + Level 0.1 Stealth
 + Level 4.5 Shields


You had 5 spell levels left.
You didn't know any spells.
Your spell library contained the following spells:

 Spells                   Type           Power      Damage    Failure   Level
 Kiss of Death            Conj/Necr      0%         2d5       87%         1
 Confusing Touch          Hex            0%         N/A       99%         3
 Dispel Undead            Necr           0%         3d6       100%        4


Dungeon Overview and Level Annotations

Branches:
Dungeon (6/15)
 Temple: D:4-7

Altars:


Innate Abilities, Weirdness & Mutations

You have a pair of horns on your head.
You reflexively headbutt those who attack you in melee.


Message History

The quokka bites you.
The quokka bites you but does no damage.
You hit the quokka.
You kill the quokka!
You see here a quokka corpse.
You are no longer corroded.
q - a scroll labelled TUILOF HOSYOTZ HP restored.
A two-headed ogre comes into view.
It is wielding a +0 giant spiked club and a +0 giant club.
The two-headed ogre shouts in stereo!
You feel very mighty all of a sudden.
A jelly comes into view.
The jelly quivers.
You hit the two-headed ogre.
The two-headed ogre is lightly wounded.
The two-headed ogre barely misses you.
The two-headed ogre hits you with a +0 giant club!
You slash the two-headed ogre!
Your headbutt misses the two-headed ogre.
The two-headed ogre is moderately wounded.
The two-headed ogre hits you with a +0 giant spiked club!
The two-headed ogre hits you with a +0 giant club!!
* * * LOW HITPOINT WARNING * * *
You closely miss the two-headed ogre.
The two-headed ogre is moderately wounded.
The two-headed ogre closely misses you. You block the two-headed ogre's attack.
You slash the two-headed ogre!
The two-headed ogre is heavily wounded.
You hit the two-headed ogre.
Your headbutt misses the two-headed ogre.
The two-headed ogre is heavily wounded.
The two-headed ogre hits you with a +0 giant spiked club.
* * * LOW HITPOINT WARNING * * *
The two-headed ogre misses you. The jelly hits you but does no damage.
You slash the two-headed ogre!
The two-headed ogre is severely wounded.
The jelly hits you but does no damage.
The two-headed ogre hits you with a +0 giant spiked club!!
Ouch! That really hurt!
You die...

............♣.......#
..####.....♣........#
#####...♣.........#
+......♣.♣.....†..+
#####.............#
##........####.####
#..[....... #.....
#.......... ##.###.
#O@........ #...##.
.......J.[......
#......
.###...........#
#.##### #...........#
#.# ##+#........# #÷#
#........# #.#
#........# #.#
########## ##.# #
##..#


You could see a two-headed ogre and a jelly.

Vanquished Creatures
  A water moccasin (D:5)
  Pargi (D:3)
  A scorpion (D:5)
  A jelly (D:5)
  Jessica (D:2)
  Robin (D:2)
  An adder (D:6)
  2 dart slugs
  2 ribbon worms
  7 endoplasms
  3 giant cockroaches
  3 hobgoblins (D:2)
  6 kobolds
  4 quokkas
  7 ball pythons
  8 bats
  4 frilled lizards
  13 goblins
  6 rats
72 creatures vanquished.

Notes
Turn   | Place    | Note
-------+----------+-------------------------------------------
     0 | D:1      | Peloso the Minotaur Fighter began the quest for the Orb.
     0 | D:1      | Reached XP level 1. HP: 19/19 MP: 0/0
   117 | D:1      | Reached XP level 2. HP: 26/27 MP: 1/1
   791 | D:2      | Noticed Jessica
   803 | D:2      | Reached XP level 3. HP: 32/33 MP: 2/2
   811 | D:2      | Killed Jessica
   903 | D:2      | Reached XP level 4. HP: 28/40 MP: 3/3
  1006 | D:2      | Identified the +1 helmet "Hiachon" {^Drain Regen+ Str+4}
  1006 | D:2      | Noticed Robin
  1044 | D:2      | Killed Robin
  1666 | D:3      | Noticed Pargi
  1685 | D:3      | Killed Pargi
  1686 | D:3      | Reached skill level 1 in Dodging
  1686 | D:3      | Reached XP level 5. HP: 34/47 MP: 4/4
  1900 | D:3      | You fall into a shaft and drop 3 floors!
  1943 | D:5      | Entered Level 5 of the Dungeon
  1948 | D:5      | Noticed a water moccasin
  1957 | D:5      | Killed a water moccasin
  1958 | D:5      | Reached skill level 5 in Fighting
  1958 | D:5      | Reached skill level 5 in Long Blades
  1958 | D:5      | Reached skill level 5 in Armour
  1958 | D:5      | Reached XP level 6. HP: 27/56 MP: 5/5
  2287 | D:5      | Noticed a two-headed ogre
  2296 | D:5      | Annihilated by a two-headed ogre

Illustrated notes

Levels and vault maps discovered:
D:1:      sevenhm_arrival_forest_fort_large_4, layout_rooms
D:2:      layout_basic, minmay_heptomino_w4, uniq_robin, uniq_jessica
D:3:      layout_basic, mainiacjoe_overflow_alcove_1,
          nicolae_elevator_lobby_plus, uniq_pargi, uniq_sigmund
D:5:      layout_basic, lemuel_tele_altar, minmay_temple_entry_water_ring,
          chequers_garden, uniq_crazy_yiuf_cottage
D:6:      layout_basic, nicolae_tso_swordbearing_angel,
          kennysheep_decorative_pillar, minmay_misc_feat_pillars,
          kennysheep_dice

Skill      XL: |  1  2  3  4  5 |
---------------+----------------+-----
Armour         | 4 5 |  5.2
Fighting       | 4 5 |  5.6
Shields        | 4 |  4.5
Long Blades    | 3 4 5 |  5.2
Dodging        | 1 |  1.6
Stealth        | |  0.1

Action                     |  1- 3 |  4- 6 || total
---------------------------+-------+-------++-------
  Melee: Long sword        |    84 |   104 ||   188
         Headbutt          |    11 |    19 ||    30
    Use: Scroll            |     1 |       ||     1
         Potion            |       |     1 ||     1
 Armour: Scale mail        |    75 |    95 ||   170
  Dodge: Dodged            |    67 |    49 ||   116
  Block: Buckler           |    27 |    23 ||    50
